Map: Acid Plant LE

Players

Bly - Winner!

  • Race: Zerg Zerg
  • Spawn Location: 5:00

PandaBearMe

  • Race: Zerg Zerg
  • Spawn Location: 11:00

Event: WCS Austin 2018

VOD

Have the link to the VOD?

Description

Time

  • Played on: June 1, 2018, 4:39 p.m.
  • Length: 6:02

All games in this series

Show
View Real Time Build Order
Export as new Build Order

Bly Zerg - Winner!

Build Orders: Hatch First, Roach Nydus 

Get SALT Encoding   

  12  0:01  Drone  
  13  0:12  Overlord  
  13  0:17  Drone  
  14  0:30  Drone x2  
  14  0:35  Drone  
  17  0:51  Hatchery  
  17  0:55  Drone  
  17  0:57  Drone  
  17  1:02  Extractor  
  17  1:12  Spawning Pool  
  17  1:15  Drone  
  17  1:19  Drone  
  18  1:28  Drone  
  19  1:42  Overlord  
  19  1:59  Queen  
  21  2:02  Queen  
  21  2:07  Drone x3  
  26  2:11  Drone  
  26  2:14  Drone  
  28  2:22  Drone  
  29  2:28  Drone  
  30  2:33  Drone  
  31  2:37  Lair  
  31  2:38  Overlord, Queen  
  33  2:47  Drone x2  
  35  2:59  Drone x2  
  37  3:05  Drone  
  37  3:06  Roach Warren  
  37  3:07  Evolution Chamber  
  37  3:08  Drone x2  
  37  3:11  Drone x3  
  41  3:13  Extractor  
  41  3:18  Evolution Chamber  
  39  3:20  Overlord  
  39  3:24  Overlord  
  39  3:29  Extractor  
  39  3:32  Overlord  
  38  3:44  Overlord  
  38  3:51  Nydus Network  
  38  3:55  Roach  
  39  4:00  Roach x2  
  43  4:03  Roach  
  43  4:09  Roach  
  47  4:11  Roach  
  47  4:15  Roach  
  47  4:16  Roach  
  53  4:21  Roach  
  55  4:31  Roach x3  
  61  4:32  Roach  
  61  4:36  Nydus Canal  
  63  4:40  Roach x2  
  63  4:43  Overlord  
  67  4:55  Nydus Canal  
  67  4:57  Overlord  
  67  4:58  Roach  
  67  5:03  Overlord  
  67  5:21  Nydus Canal  
  67  5:22  Roach x4  
  67  5:27  Roach x2  
  79  5:38  Roach x2  
Show
View Real Time Build Order
Export as new Build Order

PandaBearMe Zerg 

Build Orders: Hatch First 

Get SALT Encoding   

  12  0:01  Drone  
  13  0:12  Overlord  
  13  0:17  Drone  
  14  0:31  Drone x2  
  16  0:49  Hatchery  
  15  0:53  Drone  
  15  0:56  Drone  
  17  1:01  Drone  
  17  1:03  Extractor  
  17  1:16  Spawning Pool  
  16  1:26  Drone x2  
  18  1:34  Drone  
  18  1:39  Drone  
  20  1:49  Overlord  
  20  2:02  Queen  
  20  2:03  Queen  
  20  2:06  Zergling x2  
  20  2:07  Metabolic Boost  
  25  2:11  Drone  
  25  2:15  Drone  
  27  2:17  Drone  
  28  2:24  Drone x2  
  30  2:36  Drone  
  31  2:37  Baneling Nest  
  31  2:39  Queen  
  32  2:46  Overlord  
  32  2:48  Drone  
  33  2:56  Overlord  
  33  2:57  Drone x2  
  35  3:05  Overlord  
  35  3:11  Lair, Zergling x2  
  36  3:21  Drone  
  36  3:22  Drone x3  
  40  3:29  Drone x3  
  40  3:30  Drone  
  43  3:34  Drone  
  43  3:36  Extractor  
  43  3:37  Extractor x2  
  41  3:42  Zergling x2  
  41  3:45  Drone  
  43  3:50  Drone  
  43  3:51  Drone x2  
  46  4:05  Drone  
  46  4:06  Drone x3  
  50  4:10  Spire  
  50  4:16  Hatchery  
  48  4:19  Drone  
  48  4:21  Overlord  
  49  4:30  Baneling x2, Zergling x2  
  49  4:31  Zergling x4  
  52  4:38  Zergling x2  
  52  4:40  Zergling x2  
  53  4:50  Baneling x2  
  52  4:55  Zergling x16  
  60  5:01  Baneling  
  60  5:07  Spine Crawler  
  60  5:10  Spine Crawler  
  54  5:23  Mutalisk x3  
  54  5:27  Mutalisk  
  62  5:33  Mutalisk  
  57  5:37  Overlord  
Tags
 
Add a new tag
Caveats
  • Supply blocks, unpowered buildings, or Contaminate may cause inaccurate times.
  • Supply counts are checked every 10 seconds.